 Dungeon Crawl Stone Soup version 0.29.1-15-g9cfb28693d (webtiles) character file.

Game seed: 4960849645132559899

16479 LLlMATKO the Cleaver (level 12, -1/169 HPs)
             Began as a Minotaur Berserker on May 1, 2023.
             Was a High Priest of Trog.
             Slain by a 13-headed hydra (5 damage)
             ... on level 12 of the Dungeon.
             The game lasted 00:11:12 (14746 turns).

LLlMATKO the Cleaver (Minotaur Berserker)          Turns: 14746, Time: 00:11:13

Health: -1/169     AC: 19    Str: 24    XL:     12   Next: 10%
Magic:  11/11      EV: 11    Int:  4    God:    Trog [*****.]
Gold:   607        SH:  0    Dex: 13    Spells: 11/11 levels left

rFire   + . .      SeeInvis .   K - +4 battleaxe
rCold   . . .      Faith    .   (shield currently unavailable)
rNeg    + + .      Spirit   .   M - +2 plate armour {rF+}
rPois   .          Reflect  .   (helmet restricted)
rElec   +          Harm     .   A - +0 cloak
rCorr   .          Rampage  .   (no gloves)
Will    +++..      Clarity  +   (no boots)
Stlth   ..........              V - amulet of the Four Winds {rN+ Will+++ Clar}
HPRegen 0.38/turn               P - ring of protection from cold
MPRegen 0.12/turn               U - ring "Pagokhlo" {Fly rElec rC- rN+}

@: berserking, flying, very quick
A: horns 2, retaliatory headbutt
a: Renounce Religion, Berserk, Trog's Hand, Brothers in Arms


You were on level 12 of the Dungeon.
You worshipped Trog.
Trog was extremely pleased with you.
You visited 1 branch of the dungeon, and saw 12 of its levels.

You collected 763 gold pieces.
You spent 156 gold pieces at shops.

Inventory:

Hand Weapons
 t - a +5 dire flail of distortion
 w - a +1 vorpal hand axe
 K - a +4 battleaxe (weapon)
 X - a +0 short sword
Missiles
 a - 99 stones (quivered)
 b - 4 throwing nets
 x - 13 poisoned darts
 y - 15 boomerangs of dispersal
 N - 9 javelins
 O - 3 curare-tipped darts
 Q - a boomerang
Armour
 A - a +0 cloak (worn)
 L - the +1 chain mail of Carved Beauty {Str+4}
   (You found it on level 5 of the Dungeon)

   Str:       It affects your strength (+4).
 M - a +2 plate armour of fire resistance (worn)
Jewellery
 p - a +6 ring of dexterity
 J - a +4 ring of protection
 P - a ring of protection from cold (left hand)
 R - a ring of positive energy
 U - the ring "Pagokhlo" (right hand) {Fly rElec rC- rN+}
   (You found it on level 10 of the Dungeon)

   [ring of flight]

   rC:        It makes you vulnerable to cold.
   rElec:     It insulates you from electricity.
   rN:        It protects you from negative energy.
   Fly:       It grants you flight.
 V - the amulet of the Four Winds (around neck) {rN+ Will+++ Clar}
   (You found it on level 10 of the Dungeon)

   [amulet of nothing]

   rN:        It protects you from negative energy.
   Clar:      It protects you against confusion.
   Will:      It greatly increases your willpower.
Wands
 r - a wand of digging (1)
 B - a wand of roots (20)
 E - a wand of polymorph (6)
 Y - a wand of charming (6)
Scrolls
 d - 6 scrolls of teleportation {unknown}
 e - a scroll of acquirement {unknown}
 g - 6 scrolls of vulnerability {unknown}
 h - 7 scrolls of poison {unknown}
 k - 4 scrolls of immolation {unknown}
 m - 2 scrolls of blinking {unknown}
 n - 11 scrolls of identify {unknown}
 o - 8 scrolls of fog {unknown}
 v - 2 scrolls of enchant armour {unknown}
 G - a scroll of summoning {unknown}
 I - a scroll of amnesia {unknown}
 T - a scroll of torment {unknown}
 W - a scroll of enchant weapon {unknown}
Potions
 c - 4 potions of degeneration {unknown}
 f - 2 potions of might {unknown}
 i - 3 potions of resistance
 j - a potion of berserk rage {unknown}
 l - 3 potions of mutation {unknown}
 q - 7 potions of curing {unknown}
 s - 4 potions of invisibility
 u - a potion of ambrosia {unknown}
 z - 4 potions of flight {unknown}
 C - a potion of cancellation {unknown}
 D - 2 potions of lignification {unknown}
 F - a potion of brilliance {unknown}
 H - 2 potions of heal wounds {unknown}
 S - 2 potions of attraction {unknown}


   Skills:
 + Level 12.4 Fighting
 + Level 12.5 Axes
 + Level 12.1 Armour
 + Level 11.2 Dodging


You had 11 spell levels left.
You didn't know any spells.
Your spell library was empty.

Dungeon Overview and Level Annotations

Branches:
Dungeon (12/15)            Temple (0/1) D:4            Lair (0/5) D:9
    Orc (0/2) D:10

Altars:
Dithmenos
Elyvilon
Fedhas
Gozag
Makhleb
Sif Muna
Wu Jian
The Shining One

Shops:
D:1 (

Annotations:
D:10 2 transporters


Innate Abilities, Weirdness & Mutations

You have a pair of horns on your head.
You reflexively headbutt those who attack you in melee.


Message History

The 11-headed hydra bites you but does no damage.
The 11-headed hydra closely misses you. The 11-headed hydra bites you!
The 11-headed hydra barely misses you.
The 11-headed hydra bites you but does no damage.
The boulder beetle leaps!
You lop one of the 11-headed hydra's heads off!
The ten-headed hydra grows two more!
You cut the 12-headed hydra into ribbons!!!
The 12-headed hydra is severely wounded.
The 12-headed hydra closely misses you.
The 12-headed hydra bites you but does no damage. x2
The 12-headed hydra bites you. The 12-headed hydra barely misses you.
The 12-headed hydra completely misses you.
The 12-headed hydra bites you but does no damage.
The 12-headed hydra closely misses you. The 12-headed hydra barely misses you.
The 12-headed hydra bites you!
* * * LOW HITPOINT WARNING * * *
The 12-headed hydra bites you.
* * * LOW HITPOINT WARNING * * *
The 12-headed hydra bites you but does no damage.
You hack one of the 12-headed hydra's heads off!
The 11-headed hydra grows two more!
You slash the 13-headed hydra! You headbutt the 13-headed hydra!
The 13-headed hydra is almost dead.
The 13-headed hydra bites you!
* * * LOW HITPOINT WARNING * * *
The 13-headed hydra bites you.
* * * LOW HITPOINT WARNING * * *
The 13-headed hydra bites you.
* * * LOW HITPOINT WARNING * * *
The 13-headed hydra misses you. The 13-headed hydra bites you!
* * * LOW HITPOINT WARNING * * *
The 13-headed hydra bites you but does no damage.
The 13-headed hydra bites you.
* * * LOW HITPOINT WARNING * * *
The 13-headed hydra barely misses you. The 13-headed hydra bites you!
* * * LOW HITPOINT WARNING * * *
The 13-headed hydra bites you but does no damage.
The 13-headed hydra bites you.
You die...

#..#....... #..........
......# #........##
#..... ........... .....
............ ....
............. #..####
.....##.......##.....###
......
.........D##....##
......#
......B†@°......# .
......†.##<..###
.....:#.#....#
.....#.......#
...........###
..........## ...####...
... #####


You could see a boulder beetle and a 13-headed hydra.

Vanquished Creatures
  Harold (D:10)
  An ogre mage (D:10)
  5 two-headed ogres
  A wolf spider (D:10)
  A manticore (D:10)
  A cyclops (D:12)
  A freezing wraith (D:10)
  A troll (shapeshifter) (D:10)
  6 trolls
  3 slime creatures (D:12)
  A shadow (D:11)
  5 wyverns
  5 wraiths
  10 yaks
  4 vampire mosquitoes (D:12)
  A basilisk (D:9)
  A steam dragon (D:9)
  Edmund (D:4)
  2 acid dragons
  A water moccasin (D:7)
  An orc warrior (D:7)
  6 black bears
  2 sky beasts
  2 ice beasts
  An ogre (D:5)
  2 centaurs
  5 kobold brigands
  A necrophage (D:6)
  5 scorpions
  5 bullfrogs
  A gnoll sergeant (D:5)
  3 wights (D:7)
  15 killer bees
  An electric eel (D:9)
  3 howler monkeys
  A vampire bat (D:3)
  4 jellies
  4 hounds
  2 gnoll boudas
  4 orc priests
  7 iguanas
  8 orc wizards
  19 gnolls
  7 adders
  2 white imps (D:6)
  An ufetubus (D:7)
  3 worms
  A dart slug (D:4)
  4 fire bats
  21 orcs
  2 spectral bats (D:3)
  3 bat skeletons (D:3)
  A bat zombie (D:3)
  3 endoplasms
  A giant cockroach (D:3)
  3 goblins
  6 hobgoblins
  8 jackals
  A quokka (D:2)
  7 ball pythons
  12 bats
  A bat simulacrum (D:3)
  A frilled lizard (D:2)
  23 kobolds
  7 rats
272 creatures vanquished.

Vanquished Creatures (others)
  An endoplasm (D:2)
  A bat (D:2)
  A fungus (D:9)
  8 plants (D:9)
11 creatures vanquished.

Grand Total: 283 creatures vanquished

Notes
Turn   | Place    | Note
-------+----------+-------------------------------------------
     0 | D:1      | LLlMATKO the Minotaur Berserker began the quest for the
                  | Orb.
     0 | D:1      | Reached XP level 1. HP: 19/19 MP: 0/0
   163 | D:1      | Found Dosuky's Antique Weapon Emporium.
   514 | D:1      | Reached XP level 2. HP: 27/27 MP: 1/1
   677 | D:2      | Reached XP level 3. HP: 32/33 MP: 2/2
  1915 | D:3      | Reached XP level 4. HP: 34/41 MP: 3/3
  1983 | D:3      | Found a faded altar of an unknown god.
  2057 | D:3      | Reached ** piety under Trog
  2058 | D:3      | Reached XP level 5. HP: 36/47 MP: 4/4
  2544 | D:3      | Reached skill level 5 in Axes
  2570 | D:3      | Reached skill level 5 in Fighting
  2620 | D:3      | Reached XP level 6. HP: 54/56 MP: 5/5
  2819 | D:4      | Found a white marble altar of Elyvilon.
  2938 | D:4      | Found a staircase to the Ecumenical Temple.
  2940 | D:4      | Noticed Edmund
  2947 | D:4      | Killed Edmund
  3185 | D:1      | Bought a glowing hand axe for 156 gold pieces
  3822 | D:4      | Reached skill level 5 in Armour
  3822 | D:4      | Reached XP level 7. HP: 37/62 MP: 6/6
  4249 | D:5      | Entered Level 5 of the Dungeon
  4249 | D:5      | You fall into a shaft and drop 3 floors!
  4265 | D:8      | Found an opulent altar of Gozag.
  4445 | D:8      | Reached *** piety under Trog
  4776 | D:7      | Reached skill level 5 in Dodging
  5131 | D:7      | Reached XP level 8. HP: 56/71 MP: 7/7
  5880 | D:6      | Found a blossoming altar of Fedhas.
  6319 | D:5      | Found a transporter.
  6347 | D:5      | Reached **** piety under Trog
  6666 | D:5      | Found a transporter.
  6757 | D:5      | Reached XP level 9. HP: 81/81 MP: 8/8
  7830 | D:5      | Identified the +1 chain mail of Carved Beauty {Str+4}
  9624 | D:8      | Found an ornate altar of the Wu Jian Council.
  9624 | D:8      | Found a glowing golden altar of the Shining One.
 10062 | D:8      | Reached XP level 10. HP: 63/91 MP: 9/9
 10844 | D:9      | Found a staircase to the Lair.
 10852 | D:9      | Reached skill level 10 in Axes
 10856 | D:9      | Reached skill level 10 in Fighting
 10862 | D:9      | Reached skill level 10 in Armour
 11042 | D:9      | Reached ***** piety under Trog
 11892 | D:10     | Entered Level 10 of the Dungeon
 11960 | D:10     | Found a burning altar of Makhleb.
 11982 | D:10     | Noticed a two-headed ogre
 11996 | D:10     | Noticed an ogre mage
 12001 | D:10     | Found a transporter.
 12001 | D:10     | Found a transporter.
 12001 | D:10     | Noticed a manticore
 12004 | D:10     | Found the amulet of the Four Winds {rN+ Will+++ Clar}
 12009 | D:10     | Noticed a wolf spider
 12028 | D:10     | Noticed Harold
 12041 | D:10     | Killed Harold
 12042 | D:10     | Reached XP level 11. HP: 42/101 MP: 10/10
 12470 | D:10     | Noticed a two-headed ogre
 12475 | D:10     | Killed a two-headed ogre
 12593 | D:10     | Found a shimmering blue altar of Sif Muna.
 12685 | D:10     | Found a transporter.
 12690 | D:10     | Found a transporter.
 12705 | D:10     | Found a transporter.
 12761 | D:10     | Found a shadowy altar of Dithmenos.
 12946 | D:10     | Found a staircase to the Orcish Mines.
 12997 | D:10     | Killed a two-headed ogre
 12998 | D:10     | Reached skill level 10 in Dodging
 13000 | D:10     | Killed an ogre mage
 13002 | D:10     | Killed a wolf spider
 13057 | D:10     | Identified the ring "Pagokhlo" {Fly rElec rC- rN+}
 13144 | D:11     | Found a burning altar of Makhleb.
 13144 | D:11     | Noticed a blizzard demon
 13206 | D:11     | Noticed a two-headed ogre
 13212 | D:11     | Killed a two-headed ogre
 13296 | D:11     | Noticed a two-headed ogre
 13303 | D:11     | Killed a two-headed ogre
 14185 | D:12     | Noticed a two-headed ogre
 14196 | D:12     | Killed a two-headed ogre
 14305 | D:12     | Reached XP level 12. HP: 70/112 MP: 11/11
 14733 | D:12     | Noticed a boulder beetle
 14735 | D:12     | Noticed a seven-headed hydra
 14741 | D:12     | Received a gift from Trog
 14746 | D:12     | HP: 4/169 [13-headed hydra (8)]
 14746 | D:12     | Slain by a 13-headed hydra

Illustrated notes

Levels and vault maps discovered:
D:1:      scummos_arrival_forest, layout_rooms, serial_shops,
          nicolae_square_shop
D:2:      layout_basic, kennysheep_nondescript, chequers_serial_rivers_small_a,
          lemuel_flame_loot_1
D:3:      layout_rooms, shapermc_ecumenical_altar_mp_highgroup, goddamned_bats
D:4:      layout_basic, nicolae_elyvilon_temple_path,
          minmay_temple_entry_junction_2, uniq_edmund
D:5:      gammafunk_cloud_chamber, layout_layer_cave, minmay_misc_feat_pillars,
          minmay_statues_item, kennysheep_generic_room_8
D:6:      layout_loops_ring, fedhas_altar_2, dreamdust_princess_bridge
D:7:      layout_loops_corners, corexii_leaking_fountain
D:8:      layout_loops_ring, grunt_gozag_statues,
          gammafunk_temple_overflow_wave, minmay_unpleasant_kobolds
D:9:      statuecave_lemuel, layout_irregular_city, minmay_lair_entry_grove
D:10:     gammafunk_the_bubble [the_bubble_gammafunk_roulette],
          layout_loops_ring, mainiacjoe_overflow_brackets, lemuel_round_altar,
          general_overflow_altar, uniq_harold
D:11:     layout_stronghold, makhleb_altar_promises_db
D:12:     layout_cave_pools, minmay_circle_x

Skill      XL: |  1  2  3  4  5  6  7  8  9 10 11 |
---------------+----------------------------------+-----
Fighting       | 4 5 6 7 9 10 12 | 12.4
Axes           | 4 5 6 8 9 10 12 | 12.5
Armour         | 3 4 5 7 9 10 12 | 12.1
Dodging        | 3 4 5 6 8 9 11 | 11.2

Action                   |  1- 3 |  4- 6 |  7- 9 | 10-12 || total
-------------------------+-------+-------+-------+-------++-------
Melee: Hand axe          |    63 |    91 |   193 |       ||   347
       Headbutt          |    11 |    13 |    67 |    37 ||   128
       Punch             |       |     5 |     4 |       ||     9
       Battleaxe         |       |       |    65 |   173 ||   238
Invok: Berserk           |     1 |     2 |     1 |     7 ||    11
       Trog's Hand       |       |       |       |     1 ||     1
       Brothers in Arms  |       |       |       |     1 ||     1
Evoke: Wand              |       |       |     1 |       ||     1
  Use: Scroll            |       |       |       |     1 ||     1
Armor: Animal skin       |     8 |       |       |       ||     8
       Scale mail        |       |    69 |    78 |       ||   147
       Plate armour      |       |       |    36 |   142 ||   178
       Chain mail        |       |       |    25 |       ||    25
Dodge: Dodged            |    39 |    88 |   145 |   170 ||   442
